Map: Fields of Death

Players

EpicBeardMan - Winner!

  • Race: Protoss Protoss
  • League: Diamond

Tenonee - Winner!

  • Race: Zerg Zerg
  • League: Diamond

Beatrenger

  • Race: Protoss Protoss
  • League: Gold

UrineTrouble

  • Race: Protoss Protoss
  • League: Platinum

VOD

Have the link to the VOD?

Description

Time

  • Played on: July 29, 2016, 9:08 a.m.
  • Length: 17:32
Show
View Real Time Build Order
Export as new Build Order

EpicBeardMan Protoss - Winner!

Build Orders: 1 Gate Expand 

Get SALT Encoding   

  12  0:01  Probe (Chrono Boost)  
  13  0:12  Probe (Chrono Boost)  
  14  0:21  Pylon  
  14  0:25  Probe (Chrono Boost)  
  15  0:40  Probe (Chrono Boost)  
  15  0:41  Gateway  
  16  0:46  Assimilator  
  16  0:50  Probe (Chrono Boost)  
  17  1:18  Nexus  
  17  1:24  Probe (Chrono Boost)  
  18  1:32  Cybernetics Core  
  18  1:40  Probe (Chrono Boost)  
  19  1:49  Pylon  
  19  1:51  Probe (Chrono Boost)  
  20  1:57  Assimilator  
  20  2:01  Probe (Chrono Boost)  
  21  2:09  Stalker  
  21  2:12  Warp Gate  
  21  2:14  Probe (Chrono Boost)  
  24  2:24  Probe (Chrono Boost)  
  25  2:34  Twilight Council  
  25  2:35  Probe (Chrono Boost)  
  26  2:39  Probe (Chrono Boost)  
  27  2:45  Probe (Chrono Boost)  
  27  2:50  Probe (Chrono Boost)  
  29  2:56  Probe (Chrono Boost)  
  30  3:00  Probe (Chrono Boost)  
  31  3:06  Probe (Chrono Boost)  
  31  3:09  Robotics Facility  
  31  3:11  Probe (Chrono Boost)  
  33  3:17  Probe (Chrono Boost)  
  34  3:21  Probe (Chrono Boost)  
  34  3:25  Stalker  
  37  3:27  Probe (Chrono Boost)  
  37  3:31  Pylon  
  37  3:32  Probe (Chrono Boost), Pylon  
  39  3:44  Probe (Chrono Boost)  
  40  3:55  Stalker  
  42  3:57  Observer  
  34  4:13  Probe (Chrono Boost)  
  35  4:17  Probe (Chrono Boost)  
  35  4:20  Assimilator  
  35  4:23  Pylon  
  38  4:24  Mothership Core (Chrono Boost)  
  38  4:37  Probe (Chrono Boost)  
  38  4:38  Forge  
  39  4:42  Probe (Chrono Boost)  
  40  4:45  Pylon  
  40  4:54  Probe x2 (Chrono Boost)  
  40  4:58  Stalker  
  44  5:05  Gateway  
  44  5:06  Gateway  
  41  5:08  Gateway  
  41  5:10  Gateway  
  41  5:11  Gateway  
  31  5:27  Stalker  
  33  5:41  Probe x2 (Chrono Boost)  
  35  5:49  Photon Cannon  
  35  5:51  Photon Cannon  
  35  5:52  Probe x2 (Chrono Boost)  
  37  5:58  Blink  
  37  6:02  Probe (Chrono Boost)  
  33  6:19  Probe x2 (Chrono Boost)  
  35  6:30  Probe (Chrono Boost)  
  35  6:32  Probe (Chrono Boost)  
  37  6:40  Probe (Chrono Boost)  
  37  6:42  Probe (Chrono Boost)  
  39  6:50  Stalker  
  39  6:51  Probe (Chrono Boost)  
  39  6:53  Probe (Chrono Boost)  
  43  7:01  Probe (Chrono Boost), Stalker  
  45  7:03  Probe (Chrono Boost)  
  47  7:11  Observer  
  47  7:12  Probe (Chrono Boost)  
  47  7:14  Probe (Chrono Boost)  
  50  7:16  Stalker  
  52  7:23  Probe (Chrono Boost)  
  52  7:24  Probe (Chrono Boost)  
  52  7:54  Immortal  
  56  7:59  Stalker x3  
  56  8:02  Stalker  
  56  8:04  Stalker  
  66  8:07  Stalker  
  66  8:09  Probe (Chrono Boost)  
  66  8:10  Probe (Chrono Boost)  
  70  8:20  Probe (Chrono Boost)  
  70  8:26  Pylon  
  71  8:28  Pylon  
  71  8:35  Stalker x2  
  71  8:36  Stalker  
  77  8:51  Immortal  
  75  9:22  Probe x2 (Chrono Boost)  
  77  9:29  Nexus  
  77  9:30  Pylon  
  77  9:31  Immortal  
  81  9:34  Protoss Ground Weapons Level 1  
  81  9:43  Pylon  
  81  9:44  Pylon  
  81  9:47  Pylon  
  81  10:06  Probe x2 (Chrono Boost)  
  83  10:16  Probe (Chrono Boost)  
  84  10:28  Templar Archives  
  84  10:31  Probe x2 (Chrono Boost)  
  84  10:34  Stalker x4  
  84  10:35  Stalker x2  
  98  10:41  Probe x2 (Chrono Boost)  
  100  11:09  Forge  
  100  11:11  Gateway  
  100  11:13  Gateway  
  100  11:15  Gateway  
  100  11:16  Probe (Chrono Boost), Protoss Ground Weapons Level 2  
  100  11:17  Gateway  
  100  11:18  Probe (Chrono Boost)  
  102  11:28  Stalker x3  
  102  11:29  Stalker x3  
  114  11:58  Protoss Shields Level 1  
  114  12:03  Assimilator  
  114  12:07  Assimilator  
  114  12:14  Probe x2 (Chrono Boost)  
  117  12:15  Probe (Chrono Boost)  
  117  12:21  Stalker  
  117  12:22  Stalker x4  
  123  12:23  Stalker x2  
  123  12:28  Probe (Chrono Boost)  
  123  12:29  Stalker  
  134  12:31  Stalker  
  134  12:32  Nexus  
  134  12:35  Pylon  
  136  12:37  Pylon  
  136  12:41  Assimilator  
  136  12:54  High Templar x5  
  146  13:05  Probe x2 (Chrono Boost)  
  149  13:06  Probe (Chrono Boost)  
  149  13:13  Archon x2  
  149  13:14  High Templar  
  151  13:24  Archon  
  151  13:25  Stalker x3  
  157  13:31  Pylon  
  157  13:33  Pylon  
  157  13:35  Pylon  
  157  13:43  Pylon  
  157  13:46  Probe (Chrono Boost)  
  158  13:51  Assimilator  
  158  13:55  Assimilator  
  158  13:57  Probe (Chrono Boost)  
  152  14:07  Probe (Chrono Boost)  
  147  14:21  High Templar  
  147  14:22  High Templar x5  
  159  14:32  Archon  
  159  14:33  Archon  
  159  14:34  Archon  
  159  14:41  Stalker x2  
  159  14:42  Stalker x2  
  167  14:50  Protoss Shields Level 2  
  167  15:21  Pylon  
  167  15:22  Stalker x2  
  167  15:23  Stalker x5  
  167  15:24  Stalker  
  167  15:25  Pylon  
  183  15:44  Stalker x2  
  183  15:47  Stalker  
  183  15:48  Stalker x4  
  183  15:49  Stalker  
  199  15:54  Pylon  
  189  16:11  Stalker x4  
  191  16:12  Stalker  
  193  16:41  Gateway  
  193  16:43  Gateway  
  193  16:46  Gateway  
  193  16:50  Gateway  
  193  16:51  Gateway  
  193  16:55  Gateway  
  193  16:59  Nexus  
Show
View Real Time Build Order
Export as new Build Order

Tenonee Zerg - Winner!

Build Orders: Hatch First, Lurkers 

Get SALT Encoding   

  12  0:01  Drone  
  13  0:13  Overlord  
  13  0:20  Drone  
  14  0:33  Drone x2  
  16  0:39  Drone  
  17  0:55  Hatchery  
  16  1:00  Drone  
  16  1:03  Extractor  
  16  1:16  Spawning Pool  
  15  1:24  Drone x2  
  17  1:38  Drone x2  
  19  1:47  Overlord  
  19  2:05  Metabolic Boost  
  19  2:08  Zergling x4  
  21  2:14  Queen  
  23  2:18  Queen  
  25  2:27  Drone x2  
  27  2:49  Queen  
  29  2:53  Queen  
  29  2:57  Roach Warren  
  29  3:10  Spore Crawler  
  29  3:11  Spore Crawler  
  27  3:25  Drone x2  
  29  3:28  Drone x4  
  33  3:40  Drone  
  33  3:41  Drone x2  
  36  3:57  Overlord x2  
  36  4:15  Overlord x2  
  36  4:22  Lair  
  36  4:27  Drone x7  
  36  4:28  Drone  
  43  5:02  Roach  
  43  5:03  Roach x3  
  51  5:07  Extractor  
  51  5:08  Extractor  
  51  5:09  Extractor  
  48  5:22  Roach x4  
  56  5:32  Drone x3  
  56  5:33  Drone x2  
  60  5:47  Drone x3  
  60  5:48  Drone  
  64  5:50  Drone x2  
  64  5:51  Drone, Overlord  
  64  5:55  Hatchery  
  66  6:01  Glial Reconstitution  
  66  6:03  Hydralisk Den  
  65  6:05  Ravager x3  
  65  6:06  Evolution Chamber  
  65  6:07  Evolution Chamber  
  65  6:08  Drone x2  
  68  6:33  Muscular Augments  
  68  6:34  Zerg Ground Armor Level 1  
  68  6:42  Overlord x2  
  68  6:43  Drone  
  68  6:44  Drone x7  
  76  6:53  Zerg Missile Weapons Level 1  
  76  7:00  Drone x2  
  78  7:06  Drone x3  
  82  7:08  Drone x3  
  82  7:15  Extractor x2  
  82  7:19  Drone x5  
  87  7:27  Pneumatized Carapace  
  87  7:29  Overlord x3  
  87  7:37  Drone x3  
  87  7:43  Ravager  
  87  7:44  Ravager x3  
  94  7:45  Hydralisk, Roach  
  98  7:53  Zergling x2  
  98  7:56  Zergling x2  
  100  7:58  Hydralisk x2  
  100  7:59  Hydralisk x2, Roach x4  
  100  8:00  Roach  
  100  8:04  Lurker Den  
  118  8:07  Overlord  
  118  8:14  Zergling x8  
  118  8:19  Overlord x2  
  122  8:25  Overlord x2  
  122  8:38  Hydralisk, Overlord  
  122  8:39  Hydralisk x7  
  138  8:42  Overlord x3  
  134  9:02  Hydralisk x3, Roach  
  132  9:03  Hydralisk, Roach x3  
  131  9:27  Hydralisk x3  
  131  9:28  Hydralisk, Roach x5  
  149  9:34  Lurker x3  
  149  9:35  Lurker x2  
  154  9:39  Zergling x2  
  154  9:40  Extractor, Zergling x2  
  154  9:41  Hatchery  
  154  9:43  Extractor  
  153  9:52  Overlord x2  
  153  9:55  Infestation Pit  
  153  9:56  Zerg Ground Armor Level 2  
  152  10:11  Zergling x6  
  152  10:12  Zergling x20  
  165  10:22  Hydralisk  
  165  10:23  Hydralisk x5  
  170  10:45  Hydralisk  
  170  10:46  Hydralisk x5  
  173  10:59  Hydralisk  
  173  11:00  Hydralisk x7  
  175  11:10  Queen  
  176  11:21  Drone x3  
  179  11:32  Hydralisk x8  
  189  11:41  Drone x2  
  189  11:45  Hydralisk x2  
  189  11:46  Hydralisk x3  
  123  12:24  Hydralisk x12  
  123  12:25  Hydralisk x2  
  135  12:55  Hydralisk  
  135  12:56  Hydralisk x11  
  153  13:01  Zerg Missile Weapons Level 2  
  153  13:09  Hive  
  153  13:14  Hydralisk x3  
  153  13:15  Hydralisk  
  154  13:27  Hydralisk  
  154  13:28  Hydralisk x4  
  160  13:36  Hydralisk x3  
  160  13:37  Hydralisk  
  136  14:03  Hydralisk x4  
  136  14:04  Hydralisk x7  
  114  14:40  Spire  
  111  14:50  Hydralisk  
  111  14:51  Hydralisk  
  115  15:03  Hatchery, Extractor  
  115  15:06  Extractor  
  109  15:27  Lurker x5  
  114  15:39  Queen  
  116  15:58  Corruptor x6  
  116  15:59  Corruptor x8  
  116  16:00  Corruptor  
  146  16:19  Zergling x20  
  156  16:26  Corruptor  
  156  16:27  Extractor, Hatchery  
  156  16:31  Extractor  
  156  16:32  Zergling x2  
  156  16:48  Spire  
  155  16:58  Corruptor  
  155  16:59  Corruptor x4  
Show
View Real Time Build Order
Export as new Build Order

Beatrenger Protoss 

Build Orders: Oracle Opening 

Get SALT Encoding   

  12  0:04  Probe (Chrono Boost)  
  13  0:14  Probe (Chrono Boost)  
  14  0:21  Pylon  
  14  0:25  Probe (Chrono Boost)  
  15  0:40  Probe (Chrono Boost)  
  15  0:41  Gateway  
  16  0:50  Probe (Chrono Boost), Assimilator  
  16  0:54  Assimilator  
  17  1:01  Probe (Chrono Boost)  
  18  1:05  Pylon  
  18  1:11  Probe (Chrono Boost)  
  19  1:22  Probe (Chrono Boost)  
  20  1:31  Cybernetics Core  
  21  1:32  Probe (Chrono Boost)  
  21  1:43  Probe (Chrono Boost)  
  21  1:45  Pylon  
  22  1:58  Probe (Chrono Boost)  
  23  2:11  Stargate  
  23  2:16  Stargate  
  23  2:18  Probe (Chrono Boost)  
  24  2:29  Probe (Chrono Boost)  
  25  2:54  Oracle  
  28  3:07  Oracle  
  28  3:08  Nexus  
  31  3:19  Pylon  
  31  3:25  Assimilator  
  32  3:30  Assimilator  
  32  3:34  Mothership Core (Chrono Boost)  
  33  3:38  Pylon  
  33  3:53  Probe (Chrono Boost)  
  34  4:05  Probe (Chrono Boost)  
  33  4:18  Probe (Chrono Boost)  
  28  4:30  Probe (Chrono Boost)  
  28  4:37  Probe (Chrono Boost)  
  29  4:42  Probe (Chrono Boost)  
  30  4:51  Void Ray x2  
  32  4:53  Probe (Chrono Boost)  
  32  4:54  Probe (Chrono Boost)  
  40  5:10  Probe x2 (Chrono Boost)  
  44  5:22  Probe x2 (Chrono Boost)  
  44  5:40  Void Ray x2  
  44  5:47  Probe (Chrono Boost)  
  53  5:55  Probe (Chrono Boost)  
  54  5:59  Probe (Chrono Boost)  
  55  6:07  Probe (Chrono Boost)  
  55  6:11  Probe (Chrono Boost)  
  57  6:22  Probe (Chrono Boost)  
  57  6:23  Void Ray x2, Probe (Chrono Boost)  
  61  6:34  Probe (Chrono Boost)  
  61  6:35  Probe (Chrono Boost)  
  63  6:46  Probe (Chrono Boost)  
  65  6:47  Probe (Chrono Boost)  
  65  6:52  Stargate  
  65  6:54  Pylon  
  65  6:55  Pylon  
  65  6:58  Probe (Chrono Boost)  
  65  6:59  Probe (Chrono Boost)  
  67  7:08  Void Ray  
  67  7:11  Void Ray  
  67  7:15  Probe x2 (Chrono Boost)  
  77  7:27  Probe (Chrono Boost)  
  77  7:28  Probe (Chrono Boost)  
  79  7:36  Fleet Beacon  
  79  7:40  Probe x2 (Chrono Boost)  
  81  8:11  Probe x2 (Chrono Boost)  
  83  8:27  Nexus  
  83  8:29  Pylon  
  83  8:31  Pylon  
  83  8:32  Pylon  
  83  8:43  Tempest  
  83  8:44  Assimilator, Tempest  
  83  8:45  Tempest  
  91  8:48  Protoss Air Weapons Level 1  
  91  8:49  Assimilator  
  95  9:01  Cybernetics Core  
  95  9:02  Pylon  
  95  9:37  Tempest x2  
  95  9:43  Tempest  
  106  10:15  Tempest  
  110  10:26  Probe x2 (Chrono Boost)  
  111  10:32  Tempest  
  111  10:38  Tempest  
  117  11:00  Oracle  
  120  11:27  Pylon  
  120  11:28  Pylon  
  120  11:30  Stargate  
  120  11:32  Stargate  
  120  11:41  Pylon  
  120  11:43  Pylon  
  120  11:44  Pylon  
  120  11:47  Pylon  
  120  11:56  Oracle, Tempest  
  120  11:58  Tempest  
  128  12:22  Tempest  
  128  12:23  Tempest  
  128  12:27  Tempest  
  129  12:59  Tempest  
  129  13:05  Tempest x2  
  134  13:27  Nexus  
  134  13:30  Void Ray  
  134  13:36  Void Ray x2  
  134  13:38  Protoss Air Weapons Level 2, Protoss Air Armor Level 1  
  142  13:48  Void Ray  
  95  14:26  Void Ray  
  95  14:27  Void Ray  
  83  14:32  Void Ray  
  83  14:33  Void Ray x2  
  101  15:04  Void Ray x2  
  109  15:15  Void Ray  
  109  15:16  Void Ray, Tempest  
  121  15:23  Assimilator  
  121  15:26  Assimilator  
  121  15:31  Warp Gate  
  121  15:34  Pylon  
  121  15:36  Pylon  
  121  15:37  Nexus  
  121  15:38  Pylon  
  121  15:41  Void Ray  
  121  16:06  Void Ray x2  
  121  16:10  Tempest  
  133  16:23  Tempest  
  129  16:28  Tempest  
  137  16:43  Nexus  
  137  16:46  Assimilator  
  137  16:52  Assimilator  
  141  17:10  Pylon  
  141  17:11  Pylon  
  141  17:14  Pylon  
  141  17:15  Pylon  
Show
View Real Time Build Order
Export as new Build Order

UrineTrouble Protoss 

Build Orders: Zealot Archon, Dark Templar Rush 

Get SALT Encoding   

  12  0:01  Probe (Chrono Boost)  
  13  0:12  Probe (Chrono Boost)  
  14  0:20  Pylon  
  14  0:22  Probe (Chrono Boost)  
  15  0:38  Probe (Chrono Boost)  
  15  0:42  Gateway  
  16  0:49  Probe (Chrono Boost), Assimilator  
  17  0:59  Probe (Chrono Boost), Assimilator  
  18  1:10  Probe (Chrono Boost)  
  19  1:23  Probe (Chrono Boost)  
  20  1:30  Cybernetics Core  
  20  1:36  Pylon  
  20  1:38  Pylon  
  20  1:39  Probe (Chrono Boost)  
  21  1:48  Zealot  
  23  1:54  Probe (Chrono Boost)  
  24  2:05  Probe (Chrono Boost)  
  25  2:09  Twilight Council  
  25  2:17  Warp Gate  
  25  2:24  Mothership Core (Chrono Boost)  
  27  2:36  Zealot  
  29  2:42  Probe (Chrono Boost)  
  30  2:45  Dark Shrine  
  29  3:21  Probe (Chrono Boost), Gateway  
  29  3:23  Gateway x2  
  30  3:29  Pylon  
  30  3:55  Nexus  
  30  4:00  Probe (Chrono Boost)  
  31  4:12  Probe (Chrono Boost)  
  32  4:31  Stalker  
  34  4:32  Dark Templar x2  
  34  4:33  Dark Templar  
  41  4:54  Probe (Chrono Boost)  
  41  5:01  Nexus  
  41  5:16  Probe (Chrono Boost)  
  41  5:18  Probe (Chrono Boost)  
  43  5:27  Probe (Chrono Boost)  
  43  5:30  Probe (Chrono Boost)  
  42  5:37  Probe (Chrono Boost)  
  42  5:42  Probe (Chrono Boost)  
  42  5:43  Dark Templar x2  
  42  5:48  Probe (Chrono Boost)  
  47  5:52  Assimilator  
  47  5:54  Probe (Chrono Boost), Assimilator  
  48  5:58  Archon x2  
  48  5:59  Probe (Chrono Boost)  
  48  6:00  Charge  
  48  6:01  Dark Templar  
  51  6:06  Probe (Chrono Boost)  
  51  6:10  Probe (Chrono Boost)  
  53  6:14  Archon  
  53  6:16  Probe (Chrono Boost)  
  55  6:18  Probe (Chrono Boost)  
  55  6:21  Probe (Chrono Boost)  
  56  6:27  Probe (Chrono Boost)  
  56  6:30  Probe (Chrono Boost)  
  56  6:32  Probe (Chrono Boost)  
  59  6:39  Probe (Chrono Boost)  
  60  6:41  Forge  
  60  6:42  Forge  
  60  6:45  Gateway  
  60  6:50  Gateway  
  60  6:51  Probe (Chrono Boost)  
  61  6:55  Templar Archives  
  61  6:58  Probe (Chrono Boost)  
  61  6:59  Probe (Chrono Boost)  
  63  7:04  Gateway  
  63  7:05  Protoss Ground Weapons Level 1  
  63  7:06  Protoss Ground Armor Level 1  
  63  7:09  Gateway  
  63  7:21  Gateway  
  63  7:27  Pylon  
  63  7:28  Pylon  
  63  7:31  Pylon  
  63  7:34  Probe (Chrono Boost)  
  63  7:35  Probe (Chrono Boost)  
  66  7:37  Probe (Chrono Boost)  
  66  7:47  Zealot x3  
  66  7:48  Zealot  
  74  7:59  Gateway  
  74  8:02  Gateway  
  74  8:05  Gateway  
  74  8:09  Probe (Chrono Boost)  
  74  8:10  Probe x2 (Chrono Boost)  
  77  8:13  High Templar  
  77  8:14  High Templar x3  
  77  8:15  High Templar  
  77  8:16  High Templar  
  89  8:25  Zealot x2  
  93  8:27  Archon x2  
  93  8:28  Archon  
  93  8:37  Probe (Chrono Boost)  
  93  8:38  Assimilator  
  94  8:42  Assimilator  
  94  8:46  Zealot  
  94  8:47  Zealot x2  
  101  8:49  Probe (Chrono Boost)  
  101  8:56  Pylon x2  
  101  8:58  Pylon  
  101  8:59  Pylon  
  101  9:00  Pylon  
  101  9:01  Pylon  
  88  9:04  Probe (Chrono Boost)  
  70  9:16  Probe (Chrono Boost)  
  55  9:24  Zealot x2  
  55  9:25  Zealot x6  
  71  9:36  Zealot x3  
  71  9:37  Zealot  
  79  9:49  Probe (Chrono Boost)  
  79  9:51  Probe x2 (Chrono Boost)  
  73  10:03  Probe (Chrono Boost)  
  73  10:11  High Templar  
  73  10:12  High Templar x4  
  73  10:13  High Templar x4  
  88  10:15  Archon  
  88  10:16  Archon  
  88  10:17  Archon x2  
  88  10:19  High Templar  
  90  10:21  Zealot  
  90  10:22  Zealot  
  90  10:24  Archon  
  94  10:32  Twilight Council  
  94  11:20  Pylon  
  94  11:23  Pylon  
  41  16:20  Cybernetics Core  
  41  17:04  Dark Shrine  
Tags
 
Add a new tag
Caveats
  • Supply blocks, unpowered buildings, or Contaminate may cause inaccurate times.
  • Supply counts are checked every 10 seconds.